 Dungeon Crawl Stone Soup version 0.26-a0-639-g72c4674329 (webtiles) character file.

Game seed: 14703605905653016053

(classic levelgen) 114 EnegeticOcto the Shield-Bearer (level 4, 0/42 HPs)
             Began as a Deep Dwarf Fighter on Sept 27, 2020.
             Slain by Menkaure (18 damage)
             ... on level 4 of the Dungeon.
             The game lasted 00:00:23 (325 turns).

EnegeticOcto the Shield-Bearer (Deep Dwarf Fighter)  Turns: 325, Time: 00:00:23

Health: 0/42       AC:  7    Str: 21    XL:     4   Next: 66%
Magic:  3/3        EV:  7    Int:  8    God:
Gold:   23         SH:  9    Dex: 12    Spells: 3/3 levels left

rFire    . . .     SeeInvis .   a - +0 war axe
rCold    . . .     Faith    .   c - +0 kite shield
rNeg     . . .     Spirit   .   b - +0 scale mail
rPois    .         Reflect  .   (no helmet)
rElec    .         Harm     .   (no cloak)
rCorr    .         Rampage  .   (no gloves)
MR       .....                  (no boots)
Stlth    ..........             (no amulet)
HPRegen  0.00/turn              (no ring)
MPRegen  0.08/turn              (no ring)

@: non-regenerating
A: damage resistance, heal wounds, sense surroundings 1, no regeneration
a: Heal Wounds


You were on level 4 of the Dungeon.
You visited 1 branch of the dungeon, and saw 4 of its levels.

You collected 23 gold pieces.

Inventory:

Hand Weapons
 a - a +0 war axe (weapon)
Armour
 b - a +0 scale mail (worn)
 c - a +0 kite shield (worn)
Scrolls
 e - 2 scrolls of enchant armour {unknown}
 f - a scroll of magic mapping {unknown}
 g - 2 scrolls of identify {unknown}
 i - a scroll of enchant weapon {unknown}
 j - a scroll of amnesia {unknown}
Potions
 d - a potion of might {@q3}
 h - a potion of degeneration {unknown}


   Skills:
 + Level 3.2 Fighting
 * Level 3.8 Axes
 + Level 4.0 Armour
 + Level 4.0 Shields


You had 3 spell levels left.
You didn't know any spells.
Your spell library was empty.

Dungeon Overview and Level Annotations

Branches:
Dungeon (4/15)
 Temple: D:4-7

Altars:

Annotations:
D:4 Menkaure


Innate Abilities, Weirdness & Mutations

You are resistant to damage.
You can heal yourself by infusing magical energy.
You passively map a small area around you.
You do not regenerate.


Message History

You kill the goblin!
You closely miss the giant cockroach. The giant cockroach barely misses you.
The worm bites you.
You slash the worm!
You kill the worm!
Your Shields skill increases to level 4!
You closely miss the giant cockroach.
The giant cockroach bites you but does no damage.
You block the giant cockroach's attack.
Your shield and scale mail prevent you from hitting the giant cockroach.
The giant cockroach bites you. You block the giant cockroach's attack.
You barely miss the giant cockroach. You block the giant cockroach's attack.
You slash the giant cockroach!
You kill the giant cockroach!
No target in view!
No target in view!
No target in view!
No target in view!
No target in view!
No target in view!
No target in view!
No target in view!
No target in view!
No target in view!
No target in view!
No target in view!
No target in view!
No target in view!
No target in view!
No target in view!
No target in view!
No target in view!
No target in view!
No target in view!
Things that are here:
a +0 hunting sling; 17 stones; a goblin corpse
j - a scroll labeled MERGHA FANUJU
(D) Dungeon
Where to? (Enter - D:3, ? - help)
There is a stone staircase leading down here.
You climb downwards.
Found a hand crossbow and a scroll labeled ONNIURGHUNAO.
There is a stone staircase leading up here.
Found an escape hatch in the ceiling.
No target in view!
No target in view!
No target in view!
No target in view!
No target in view!
No target in view!
No target in view!
No target in view!
No target in view!
You feel much better.
e - 2 scrolls labeled ONNIURGHUNAO (gained 1)
Found 16 stones.
No target in view!
An orc comes into view.
The orc shouts!
An orc is nearby!
An orc is nearby!
An orc is nearby!
An orc is nearby!
An orc is nearby!
An orc is nearby!
An orc is nearby!
An orc is nearby!
An orc is nearby!
An orc is nearby!
The orc barely misses you.
Your shield prevents you from hitting the orc.
The orc hits you.
You slash the orc!
You kill the orc!
Your Armour skill increases to level 4!
No target in view!
No target in view!
No target in view!
No target in view!
You see here an orc corpse.
Menkaure, Prince of Dust comes into view.
Menkaure shouts!
Menkaure casts a spell.
Menkaure seems to speed up.
Found a ring mail.
Menkaure is nearby!
Menkaure is nearby!
You slash Menkaure!
Menkaure is heavily damaged.
Menkaure points at you and mumbles some strange words.
Pain shoots through your body!
Menkaure points at you and mumbles some strange words.
Pain shoots through your body!
You hit Menkaure but do no damage.
Menkaure is heavily damaged.
Menkaure hits you!!
You barely miss Menkaure.
Menkaure is heavily damaged.
Menkaure hits you!!
You die...

#......#
#.####.# #.#
#.#
#.####.#######
#.##.........#
*## *
#.##.#.#####.#
##.## #.##.#.#
#.###...## , ,
#.##.#.#
#.##[....#...
#......#
#....@M......
* ####.###
######.###...
,, #.# .# , *
#.# .# ** #.#
+#* #†# , , ,
#.#### , * * #
#....## * , ,
,
######...####
, *


You could see Menkaure (fast).

Vanquished Creatures
  3 orc priests (D:3)
  A worm (D:3)
  7 orcs
  4 giant cockroaches
  A goblin (D:3)
  A hobgoblin (D:3)
  A bat (D:1)
  A rat (D:1)
19 creatures vanquished.

Notes
Turn   | Place    | Note
-------+----------+-------------------------------------------
     0 | D:1      | EnegeticOcto the Deep Dwarf Fighter began the quest for the
                  | Orb.
     0 | D:1      | Reached XP level 1. HP: 20/20 MP: 1/1
   117 | D:3      | Noticed an orc priest
   119 | D:3      | Noticed an orc priest
   119 | D:3      | Noticed an orc priest
   129 | D:3      | Killed an orc priest
   129 | D:3      | Reached XP level 2. HP: 22/28 MP: 2/2
   129 | D:3      | Reached XP level 3. HP: 27/34 MP: 3/3
   137 | D:3      | Reached XP level 4. HP: 39/42 MP: 3/3
   319 | D:4      | Noticed Menkaure
   325 | D:4      | Slain by Menkaure

Illustrated notes

Levels and vault maps discovered:
D:1:      shiori_arrival_maze, layout_basic
D:2:      layout_basic, lemuel_round_altar
D:3:      layout_basic, lemuel_zombie_altar_kikubaaqudgha,
          lemuel_coloured_pillars_altar, bloody_makhleb, uniq_jessica, uniq_ijyb
D:4:      layout_loops_corners, vehumet_statue, fedhas_ov_isle_minmay,
          uniq_menkaure

Skill      XL: |  1  2  3  4 |
---------------+-------------+-----
Fighting       | 3 |  3.2
Axes           | 3 |  3.8
Shields        | 4 |  4.0
Armour         | 4 |  4.0

Action                   |  1- 3 |  4- 6 || total
-------------------------+-------+-------++-------
Melee: War axe           |    38 |    31 ||    69
 Abil: Heal Wounds       |     3 |     1 ||     4
Armor: Scale mail        |    46 |    18 ||    64
Dodge: Dodged            |    22 |     8 ||    30
Block: Kite shield       |    38 |    24 ||    62

Table legend: (Time is in decaauts)
 A = Elapsed time spent in this place.
 B = Non-inter-level travel time spent in this place.
 C = Inter-level travel time spent in this place.
 D = Time resting spent in this place.
 E = Time spent auto-exploring this place.
 F = Levels seen in this place.
 G = Mean time per level.
                   A        B        C        D        E       F      G
               +--------+--------+--------+--------+--------+-----+--------+
         Total |    353 |    322 |     31 |      0 |    156 |   4 |   88.2 |
       Dungeon |    353 |    322 |     31 |      0 |    156 |   4 |   88.2 |
               +--------+--------+--------+--------+--------+-----+--------+

Top non-repeatable levels by time:
     D:3: 185 daAuts
     D:1: 99 daAuts
     D:4: 58 daAuts
     D:2: 10 daAuts
